 Dungeon Crawl Stone Soup version 0.27-a0-1431-gcffa5a9b16 (webtiles) character file.

Game seed: 18202673402146995976

1040 robertstho the Skirmisher (level 8, -2/74 HPs)
             Began as a Minotaur Berserker on July 2, 2021.
             Was a Believer of Trog.
             Succumbed to Duvessa's poison
             ... on level 5 of the Dungeon.
             The game lasted 00:03:41 (3781 turns).

robertstho the Skirmisher (Minotaur Berserker)      Turns: 3781, Time: 00:03:41

Health: -2/74      AC: 11    Str: 23    XL:     8   Next: 4%
Magic:  7/7        EV:  9    Int:  5    God:    Trog [**....]
Gold:   53         SH:  0    Dex: 10    Spells: 7/7 levels left

rFire    . . .     SeeInvis .   a - +0 hand axe (freeze)
rCold    . . .     Faith    .   (no shield)
rNeg     . . .     Spirit   .   o - +0 chain mail
rPois    .         Reflect  .   (helmet restricted)
rElec    .         Harm     .   (no cloak)
rCorr    .         Rampage  .   n - +0 pair of gloves
Will     .....                  (no boots)
Stlth    ..........             (no amulet)
HPRegen  0.22/turn              (no ring)
MPRegen  0.10/turn              (no ring)

@: lethally poisoned (-2 -> -28), lit by a corona, on berserk cooldown, slowed,
glowing, very slow
A: horns 2, retaliatory headbutt
a: Renounce Religion, Berserk, Trog's Hand


You were on level 5 of the Dungeon.
You worshipped Trog.
Trog was pleased with you.
You visited 1 branch of the dungeon, and saw 5 of its levels.

You collected 53 gold pieces.

Inventory:

Hand Weapons
 a - a +0 hand axe of freezing (weapon)
Armour
 n - a +0 pair of gloves (worn)
 o - a +0 chain mail (worn)
Wands
 j - a wand of digging (5)
 l - a wand of acid (9)
Scrolls
 b - a scroll of enchant armour {unknown}
 c - a scroll of amnesia
 e - a scroll of noise {unknown}
 g - a scroll of enchant weapon {unknown}
 h - a scroll of teleportation
 i - a scroll of fear {unknown}
 k - a scroll of identify {unknown}
Potions
 d - 3 potions of degeneration {unknown}
 f - a potion of lignification {unknown}
 m - 2 potions of curing {unknown}


   Skills:
 * Level 7.7 Fighting
 + Level 7.4 Axes
 * Level 5.4 Armour
 + Level 3.9 Dodging


You had 7 spell levels left.
You didn't know any spells.
Your spell library was empty.

Dungeon Overview and Level Annotations

Branches:
Dungeon (5/15)
 Temple: D:4-7

Altars:
Vehumet

Annotations:
D:5 Duvessa


Innate Abilities, Weirdness & Mutations

You have a pair of horns on your head.
You reflexively headbutt those who attack you in melee.


Message History

The gnoll hits you but does no damage.
You are too injured to fight recklessly!
Unknown command.
You are too injured to fight recklessly!
Unknown command.
You are too injured to fight recklessly!
Unknown command.
You are too injured to fight recklessly!
Unknown command.
You are too injured to fight recklessly!
You hit Duvessa. You headbutt Duvessa!
Duvessa is heavily wounded.
You slash the necrophage!
You destroy the necrophage!
Trog accepts your kill.
You feel very sick.
Duvessa hits you with a +2 short sword of venom.
You are lethally poisoned!
You have reached level 8!
You feel agile.
You closely miss Duvessa.
Duvessa is heavily wounded.
* * * LOW HITPOINT WARNING * * *
You feel very sick. The gnoll hits you but does no damage.
Duvessa hits you with a +2 short sword of venom!
* * * LOW HITPOINT WARNING * * *
You are no longer berserk.
You are exhausted.
You feel yourself slow down.
* * * LOW HITPOINT WARNING * * *
You feel very sick.
You hear a shout!
Things that are here:
a +0 whip; a +0 leather armour; a gnoll corpse
As you read the scroll labelled FUOSKO SOHYSEL, it crumbles to dust.
It is a scroll of brand weapon.
Your +0 hand axe is covered with a thin layer of ice!
a - a +0 hand axe of freezing (weapon)
You die...

.......<# ..........
..>.....########
...........
.#....$....[.... .....
<#.............# .....
.$......##...?.####......
........# #.......#......
.......:####...##.))(....
..........####>..e)......
..........)...†.@)g......
.....####.......)........
....## #..##.......#.....
#...##...########....####
#.!....###... ...###
........)#)############
#/..####{†wse.e<.......
################


You could see Duvessa (berserk) and a gnoll.

Vanquished Creatures
  2 black bears
  A sky beast (D:5)
  An orc warrior (D:5)
  An ogre (D:5)
  A necrophage (D:5)
  A centaur (D:4)
  A scorpion (D:5)
  A wyvern skeleton (D:5)
  Dowan (D:5)
  A bullfrog skeleton (D:5)
  A gnoll shaman (D:5)
  2 iguanas
  2 orc wizards
  3 gnolls (D:5)
  2 adders
  A worm (D:3)
  2 dart slugs
  8 orcs
  2 ball pythons
  8 endoplasms
  7 goblins
  3 hobgoblins
  2 jackals (D:3)
  2 quokkas
  3 bats
  A frilled lizard (D:3)
  7 kobolds
67 creatures vanquished.

Vanquished Creatures (others)
  2 fungi (D:2)
  4 plants (D:2)
6 creatures vanquished.

Grand Total: 73 creatures vanquished

Notes
Turn   | Place    | Note
-------+----------+-------------------------------------------
     0 | D:1      | robertstho the Minotaur Berserker began the quest for the
                  | Orb.
     0 | D:1      | Reached XP level 1. HP: 19/19 MP: 0/0
   171 | D:1      | Reached XP level 2. HP: 16/27 MP: 1/1
  1186 | D:3      | Reached XP level 3. HP: 22/34 MP: 2/2
  1486 | D:3      | Reached ** piety under Trog
  1654 | D:3      | Found a radiant altar of Vehumet.
  1663 | D:3      | Reached XP level 4. HP: 18/41 MP: 3/3
  2368 | D:4      | Noticed a centaur
  2376 | D:4      | Killed a centaur
  2377 | D:4      | Reached skill level 5 in Fighting
  2377 | D:4      | Reached skill level 5 in Axes
  2377 | D:4      | Reached XP level 5. HP: 11/48 MP: 4/4
  3300 | D:4      | Noticed a black bear
  3309 | D:4      | Killed a black bear
  3310 | D:4      | Reached XP level 6. HP: 47/57 MP: 5/5
  3605 | D:5      | Entered Level 5 of the Dungeon
  3608 | D:5      | Noticed a sky beast
  3615 | D:5      | Noticed an orc warrior
  3619 | D:5      | Killed a sky beast
  3625 | D:5      | Reached XP level 7. HP: 64/64 MP: 6/6
  3636 | D:5      | Noticed Duvessa
  3638 | D:5      | Noticed Dowan
  3765 | D:5      | Killed Dowan
  3766 | D:5      | Reached skill level 5 in Armour
  3779 | D:5      | Reached XP level 8. HP: 36/74 MP: 7/7
  3781 | D:5      | Succumbed to Duvessa's poison

Illustrated notes

Levels and vault maps discovered:
D:1:      dpeg_arrival_tiny_e, layout_basic
D:2:      layout_basic, shapermc_ecumenical_altar_mp_ritualfount
D:3:      layout_basic, nicolae_vehumet_radiance, serial_bayou_pond_e
D:4:      layout_basic
D:5:      layout_rooms, serial_shops, nicolae_inconvenience_store,
          kennysheep_minor_cross, uniq_duvessa

Skill      XL: |  1  2  3  4  5  6  7 |
---------------+----------------------+-----
Axes           | 4 5 6 7 |  7.4
Fighting       | 4 5 6 7 |  7.7
Armour         | 3 4 5 |  5.4
Dodging        | 3 |  3.9

Action                   |  1- 3 |  4- 6 |  7- 9 || total
-------------------------+-------+-------+-------++-------
Melee: Hand axe          |    64 |    47 |    39 ||   150
       Headbutt          |    12 |    10 |     8 ||    30
Invok: Berserk           |       |     3 |     1 ||     4
       Trog's Hand       |       |       |     2 ||     2
  Use: Scroll            |       |       |     4 ||     4
Armor: Animal skin       |     6 |     4 |       ||    10
       Chain mail        |       |     7 |    31 ||    38
Dodge: Dodged            |    28 |    29 |    27 ||    84

Table legend: (Time is in decaauts)
 A = Elapsed time spent in this place.
 B = Non-inter-level travel time spent in this place.
 C = Inter-level travel time spent in this place.
 D = Time resting spent in this place.
 E = Time spent auto-exploring this place.
 F = Levels seen in this place.
 G = Mean time per level.
                   A        B        C        D        E       F      G
               +--------+--------+--------+--------+--------+-----+--------+
         Total |   3812 |   3519 |    293 |    104 |   2977 |   5 |  762.4 |
       Dungeon |   3812 |   3519 |    293 |    104 |   2977 |   5 |  762.4 |
               +--------+--------+--------+--------+--------+-----+--------+

Top non-repeatable levels by time:
     D:3: 1304 daAuts
     D:4: 1254 daAuts
     D:1: 847 daAuts
     D:2: 232 daAuts
     D:5: 174 daAuts
